 Dungeon Crawl Stone Soup version 0.28-a0-1638-g9123634e07 (webtiles) character file.

Game seed: 14251542799618012658

990 fragbeetle the Cleaver (level 8, 0/70 HPs)
             Began as a Hill Orc Cinder Acolyte on Jan 26, 2022.
             Was a High Priest of Ignis.
             Slain by Edmund (11 damage)
             ... on level 6 of the Dungeon.
             The game lasted 00:11:37 (6629 turns).

fragbeetle the Cleaver (Hill Orc Cinder Acolyte)    Turns: 6629, Time: 00:11:38

Health: 0/70       AC:  4    Str: 19    XL:     8   Next: 18%
Magic:  5/21       EV: 11    Int: 14    God:    Ignis [*****.]
Gold:   76         SH:  0    Dex:  6    Spells: 10/12 levels left

rFire   + . .      SeeInvis .   a - -1 hand axe (flame)
rCold   . . .      Faith    .   (no shield)
rNeg    . . .      Spirit   .   t - +0 leather armour
rPois   .          Reflect  .   (no helmet)
rElec   .          Harm     .   m - +0 cloak
rCorr   .          Rampage  .   (no gloves)
Will    .....                   (no boots)
Stlth   +.........              (no amulet)
HPRegen 0.21/turn               c - ring of wizardry
MPRegen 0.17/turn               v - ring of magical power

@: no status effects
A: no striking features
a: Renounce Religion, Fiery Armour, Foxfire Swarm, Rising Flame


You were on level 6 of the Dungeon.
You worshipped Ignis.
Ignis was extremely pleased with you.
You visited 1 branch of the dungeon, and saw 6 of its levels.

You collected 115 gold pieces.
You spent 39 gold pieces at shops.

Inventory:

Hand Weapons
 a - a -1 hand axe of flaming (weapon)
 b - the +0 hunting sling of Vuoceit {flame, Str+3}
   (You took it off a kobold on level 4 of the Dungeon)

   Any ammunition fired from it burns those it strikes, dealing additional fire
   damage.
   Str:       It affects your strength (+3).
 s - a +2 short sword of protection
Missiles
 n - 3 boomerangs
 A - 77 sling bullets
Armour
 m - a +0 cloak (worn)
 t - a +0 leather armour (worn)
 w - a +0 kite shield
 y - a +0 robe
Jewellery
 c - a ring of wizardry (left hand)
 r - an amulet of guardian spirit
 v - a ring of magical power (right hand)
Wands
 q - a wand of acid (8)
 F - a wand of paralysis (12)
Scrolls
 e - 4 scrolls of teleportation {unknown}
 f - 2 scrolls of identify
 i - 2 scrolls of noise
 k - 2 scrolls of brand weapon
 o - 2 scrolls of vulnerability {unknown}
 u - a scroll of immolation {unknown}
 x - a scroll of holy word {unknown}
 B - a scroll of magic mapping {unknown}
 C - a scroll of amnesia {unknown}
 D - a scroll of blinking {unknown}
 H - a scroll of torment {unknown}
Potions
 d - a potion of cancellation
 g - a potion of curing
 h - a potion of degeneration {unknown}
 j - a potion of lignification {unknown}
 l - 2 potions of might
 p - a potion of ambrosia {unknown}
 z - a potion of flight {unknown}
 E - a potion of haste {unknown}
 G - a potion of magic {unknown}
 I - 2 potions of brilliance {unknown}


   Skills:
 + Level 5.8 Fighting
 * Level 8.0 Axes
 + Level 2.8 Spellcasting
 * Level 6.6 Fire Magic


You had 10 spell levels left.
You knew the following spells:

 Your Spells              Type           Power      Damage    Failure   Level
a - Scorch                Fire           40%        2d7       1%          2

Your spell library contained the following spells:

 Spells                   Type           Power      Damage    Failure   Level
 Conjure Flame            Conj/Fire      11%        6-21      9%          3
 Slow                     Hex            4%         N/A       11%         1
 Ignite Poison            Fire/Tmut/Pois 8%         N/A       12%         3
 Sticky Flame             Conj/Fire      11%        2d3       26%         4
 Confusing Touch          Hex            1%         N/A       30%         3
 Vampiric Draining        Necr           1%         2d6       30%         3


Dungeon Overview and Level Annotations

Branches:
Dungeon (6/15)
 Temple: D:4-7

Altars:
Okawaru
Sif Muna
Uskayaw
The Shining One

Shops:
D:1 (?[[   D:6 *

Annotations:
D:6 Edmund


Message History

You hear the slow rusting of a very distant drain.
Edmund hits you with a +2 dire flail of holy wrath!
* * * LOW HITPOINT WARNING * * *
Casting: Scorch (safe; 1% risk of failure)
Confirm with . or Enter, or press ? or * to list all spells.
Flames lash Edmund.
Edmund is burned terribly!
Edmund is heavily wounded.
Edmund hits you with a +2 dire flail of holy wrath!
* * * LOW HITPOINT WARNING * * *
Unknown command.
You feel better. Edmund closely misses you.
Casting: Scorch (safe; 1% risk of failure)
Confirm with . or Enter, or press ? or * to list all spells.
Flames lash Edmund.
Edmund is burned terribly!
Edmund is severely wounded.
Edmund barely misses you.
You hit Edmund but do no damage.
Edmund is severely wounded.
You barely miss Edmund.
Edmund is severely wounded.
Edmund misses you.
You hit Edmund. You burn Edmund.
Edmund is almost dead.
Edmund hits you with a +2 dire flail of holy wrath!
* * * LOW HITPOINT WARNING * * *
You hit Edmund. You burn Edmund.
Edmund is almost dead.
Edmund gestures with his flail.
Edmund misses you.
You barely miss Edmund.
Edmund is almost dead.
You hear a distant slurping noise.
Edmund closely misses you.
You hit Edmund but do no damage.
Edmund is almost dead.
Edmund misses you.
You hit Edmund. You burn Edmund.
Edmund is almost dead.
Edmund hits you with a +2 dire flail of holy wrath!
You die...

.# #.# ## #.## #.
... .###.#####.#
...........##
........#...####
#....>...@<.....#
#........#@..####
#......#.##.##
#...........#
#..#.#.###..#
#......# #..#
#..#...###..#
#...........###
#.#
##.###.#......#
#.# #. #.######.#


You could see Edmund (combustible).

Vanquished Creatures
  Eustachio (D:4)
  A black bear (D:6)
  A necrophage (D:5)
  A water moccasin zombie (D:3)
  2 scorpions
  2 hounds (D:5)
  A bullfrog zombie (D:6)
  An iguana (D:4)
  A gnoll shaman (D:3)
  An orc wizard (D:5)
  A hound zombie (D:5)
  A howler monkey zombie (D:5)
  11 adders
  5 gnolls
  2 howler monkey skeletons
  3 ufetubi
  3 dart slugs
  12 orcs
  8 ball pythons
  4 bats
  11 endoplasms
  5 giant cockroaches
  9 goblins
  4 hobgoblins
  9 jackals
  2 quokkas
  2 frilled lizards
  7 kobolds
  9 rats
120 creatures vanquished.

Vanquished Creatures (others)
  9 plants (D:6)
9 creatures vanquished.

Grand Total: 129 creatures vanquished

Notes
Turn   | Place    | Note
-------+----------+-------------------------------------------
     0 | D:1      | fragbeetle the Hill Orc Cinder Acolyte began the quest for
                  | the Orb.
     0 | D:1      | Reached XP level 1. HP: 19/19 MP: 2/2
   404 | D:1      | Found Zofo's Antique Armour Shoppe.
   411 | D:1      | Reached XP level 2. HP: 21/27 MP: 3/3
   476 | D:1      | Found Cecyacy's Armour Boutique.
   482 | D:1      | Learned a level 2 spell: Scorch
   733 | D:1      | Found a faded altar of an unknown god.
   876 | D:1      | Reached XP level 3. HP: 28/33 MP: 4/4
  1018 | D:1      | Found Zesyrr's Antique Weapon Shop.
  1195 | D:1      | Found Vialoalann's Magic Scroll Shoppe.
  2009 | D:2      | Reached XP level 4. HP: 33/40 MP: 3/6
  2098 | D:2      | Reached skill level 5 in Axes
  2794 | D:3      | Reached XP level 5. HP: 39/46 MP: 1/7
  3169 | D:3      | Found a shimmering blue altar of Sif Muna.
  3588 | D:3      | Reached XP level 6. HP: 50/53 MP: 3/8
  3937 | D:1      | Bought a scroll of noise for 13 gold pieces
  3937 | D:1      | Bought a scroll of identify for 26 gold pieces
  4040 | D:4      | Noticed Eustachio
  4087 | D:4      | Reached skill level 6 in Axes
  4243 | D:4      | Found a hide-covered altar of Uskayaw.
  4315 | D:5      | Entered Level 5 of the Dungeon
  4335 | D:5      | Reached skill level 5 in Fire Magic
  4548 | D:4      | Killed Eustachio
  4549 | D:4      | Reached skill level 5 in Fighting
  4593 | D:4      | Reached XP level 7. HP: 57/61 MP: 10/10
  4599 | D:4      | Identified the +0 hunting sling of Vuoceit {flame, Str+3}
  5347 | D:4      | Reached skill level 7 in Axes
  6093 | D:5      | Found a glowing golden altar of the Shining One.
  6099 | D:5      | Found an iron altar of Okawaru.
  6420 | D:5      | Reached XP level 8. HP: 64/70 MP: 11/12
  6562 | D:6      | Found Viorof's Assorted Antiques.
  6568 | D:6      | Noticed Edmund
  6595 | D:6      | Reached skill level 8 in Axes
  6629 | D:6      | Slain by Edmund

Illustrated notes

Levels and vault maps discovered:
D:1:      lightli_iron_boxes, layout_basic, serial_shops,
          nicolae_shop_hallway_stairs, shop, nicolae_lakefront_shop,
          nicolae_shop_window_shopping, shapermc_ecumenical_altar_mp_highgroup
D:2:      layout_basic, minmay_fountain_box
D:3:      layout_loops_cross, lemuel_tele_altar
D:4:      layout_rooms, nicolae_overflow_crystal_walls, uniq_eustachio
D:5:      layout_gridville, amethyst_overflow_temple_binary, chequers_avenue,
          grunt_ministairs_12
D:6:      minmay_chambers_of_threes, layout_loops_ring,
          cheibrodos_sewer_entry_sluice, serial_shops,
          nicolae_shop_overgrown_old_shop, chequers_big_river, uniq_edmund

Skill      XL: |  1  2  3  4  5  6  7  8 |
---------------+-------------------------+-----
Fighting       | 4 5 |  5.8
Fire Magic     | 4 5 6 |  6.6
Axes           | 5 6 7 8 |  8.0
Spellcasting   | 2 |  2.8

Action                   |  1- 3 |  4- 6 |  7- 9 || total
-------------------------+-------+-------+-------++-------
Melee: Hand axe          |    80 |   122 |    71 ||   273
       Punch             |     1 |     2 |       ||     3
 Fire: Hunting sling     |       |       |     7 ||     7
 Cast: Scorch            |    11 |    42 |    46 ||    99
  Use: Potion            |       |     1 |     1 ||     2
       Scroll            |       |     2 |     1 ||     3
Armor: Robe              |    13 |    23 |       ||    36
       Leather armour    |       |    19 |    27 ||    46
Dodge: Dodged            |    38 |    82 |    82 ||   202

Table legend: (Time is in decaauts)
 A = Elapsed time spent in this place.
 B = Non-inter-level travel time spent in this place.
 C = Inter-level travel time spent in this place.
 D = Time resting spent in this place.
 E = Time spent auto-exploring this place.
 F = Levels seen in this place.
 G = Mean time per level.
                   A        B        C        D        E       F      G
               +--------+--------+--------+--------+--------+-----+--------+
         Total |   6635 |   6307 |    328 |    415 |   4779 |   6 | 1105.8 |
       Dungeon |   6635 |   6307 |    328 |    415 |   4779 |   6 | 1105.8 |
               +--------+--------+--------+--------+--------+-----+--------+

Top non-repeatable levels by time:
     D:1: 2046 daAuts
     D:5: 1306 daAuts
     D:3: 1279 daAuts
     D:2: 953 daAuts
     D:4: 937 daAuts
     D:6: 111 daAuts
